 Dungeon Crawl Stone Soup version 0.22-a0-181-gb22368a (webtiles) character file.

521 Amnesiac the Digger (level 7, -2/46 HPs)
             Began as a Mummy Earth Elementalist on Feb 14, 2018.
             Blown up by Pikel (10 damage)
             ... with a wand of disintegration (7)
             ... on level 4 of the Dungeon.
             The game lasted 00:04:52 (2345 turns).

Amnesiac the Digger (Mummy Earth Elementalist)      Turns: 2345, Time: 00:04:52

Health: -2/46      AC:  3    Str: 11    XL:     7   Next: 1%
Magic:  13/15      EV: 12    Int: 16    God:
Gold:   84         SH:  0    Dex: 13    Spells: 5/17 levels left

rFire    x . .     SeeInvis .   b - +0 hunting sling
rCold    + . .     Gourm    .   (no shield)
rNeg     + + +     Faith    .   c - +0 robe
rPois    ∞         Spirit   .   u - +0 helmet
rElec    .         Reflect  .   j - scarf {cloud immunity}
rCorr    .         Harm     .   (no gloves)
MR       .....                  (no boots)
Stlth    ++........             r - amulet of magic regeneration
HPRegen  0.15/turn              (no ring)
MPRegen  0.39/turn              (no ring)

@: about to teleport
A: no food or potions, fire vulnerability, cold resistance 1, negative energy
resistance 3, torment resistance, unbreathing
a: no special abilities


You were on level 4 of the Dungeon.
You were not hungry.

You visited 1 branch of the dungeon, and saw 4 of its levels.

You collected 84 gold pieces.

Inventory:

Hand Weapons
 a - a +0 dagger
 b - a +0 hunting sling (weapon)
Missiles
 g - 12 sling bullets (quivered)
 h - 47 stones
 n - 2 curare-tipped needles
 q - a throwing net
Armour
 c - a +0 robe (worn)
 j - a scarf of cloud immunity (worn)
 u - a +0 helmet (worn)
Jewellery
 p - an uncursed amulet of regeneration
 r - an amulet of magic regeneration (around neck)
Wands
 s - a wand of digging (15)
Scrolls
 f - a scroll of immolation {!r, unknown}
 k - a scroll of amnesia {!r, unknown}
 l - a scroll of blinking {!r, unknown}
 m - a scroll of enchant armour {!r, unknown}
 o - a scroll of remove curse {!r}
 t - a scroll of magic mapping {!r}
Books
 d - a book of Geomancy

   Spells                             Type                      Level
   a - Sandblast                      Earth                        1
   b - Passwall                       Transmutation/Earth          2
   c - Stone Arrow                    Conjuration/Earth            3
   d - Petrify                        Transmutation/Earth          4
   e - Lee's Rapid Deconstruction     Earth                        5


   Skills:
 - Level 1.5 Dodging
 - Level 1.5 Stealth
 + Level 5.6 Spellcasting
 - Level 0.7 Transmutations
 * Level 5.6 Earth Magic


You had 5 spell levels left.
You knew the following spells:

 Your Spells              Type           Power        Failure   Level  Hunger
a - Sandblast             Erth           ###...       1%          1    N/A
b - Passwall              Tmut/Erth      ##........   6%          2    N/A
d - Lee's Rapid Deconstr  Erth           ###.......   36%         5    N/A
e - Petrify               Tmut/Erth      ##......     36%         4    N/A

Dungeon Overview and Level Annotations

Branches:
Dungeon (4/15)
 Temple: D:4-7

Altars:
Yredelemnul

Annotations:
D:4 Pikel


Innate Abilities, Weirdness & Mutations

You do not eat or drink.
Your flesh is vulnerable to fire.
You are immune to poison.
Your flesh is cold resistant. (rC+)
You are immune to negative energy. (rN+++)
You are immune to unholy pain and torment.
You can survive without breathing.


Message History

Pikel is lightly wounded.
h - 51 stones
Casting: Sandblast (safe; 1% risk of failure)
Confirm with . or Enter, or press ? or * to list all spells.
Aiming: Sandblast (safe; 1% risk of failure)
Press: ? - help, Shift-Dir - straight line, f/p - Pikel
Aim: Pikel, wielding a whip of flaming, wearing an embroidered robe and carrying a wand of disintegration (10) (lightly wounded)
The blast of sand hits Pikel.
Pikel is lightly wounded.
h - 50 stones Pikel hits you with a whip of flaming.
Pikel burns you.
Casting: Sandblast (safe; 1% risk of failure)
Confirm with . or Enter, or press ? or * to list all spells.
Aiming: Sandblast (safe; 1% risk of failure)
Press: ? - help, Shift-Dir - straight line, f/p - Pikel
Aim: Pikel, wielding a whip of flaming, wearing an embroidered robe and carrying a wand of disintegration (10) (lightly wounded)
The blast of sand hits Pikel.
Pikel is lightly wounded.
h - 49 stones Pikel zaps a wand.
You resist with significant effort.
Casting: Sandblast (safe; 1% risk of failure)
Confirm with . or Enter, or press ? or * to list all spells.
Aiming: Sandblast (safe; 1% risk of failure)
Press: ? - help, Shift-Dir - straight line, f/p - Pikel
Aim: Pikel, wielding a whip of flaming, wearing an embroidered robe and carrying a wand of disintegration (9) (lightly wounded)
The blast of sand hits Pikel.
Pikel is lightly wounded.
h - 48 stones Pikel zaps a wand.
You resist with significant effort.
Unknown command.
Casting: Sandblast (safe; 1% risk of failure)
Confirm with . or Enter, or press ? or * to list all spells.
Aiming: Sandblast (safe; 1% risk of failure)
Press: ? - help, Shift-Dir - straight line, f/p - Pikel
Aim: Pikel, wielding a whip of flaming, wearing an embroidered robe and carrying a wand of disintegration (8) (lightly wounded)
The blast of sand hits Pikel.
Pikel is lightly wounded.
h - 47 stones Pikel zaps a wand.
You are blasted!
* * * LOW HITPOINT WARNING * * *
Unknown command.
You can't drink.
Unknown command.
Quiver which item? (- for none, * to show all) (? for menu, Esc to quit)
Okay, then.
Press: ? - help, v - describe, . - travel
Here: Pikel, wielding a whip of flaming, wearing an embroidered robe and carrying a wand of disintegration (7) (lightly wounded)
The floor.
Unknown command.
Really read
i - a scroll of identify {!r}?
As you read the scroll of identify {!r}, it crumbles to dust.
e - a scroll of teleportation {!r} Pikel hits you with a whip of flaming.
* * * LOW HITPOINT WARNING * * *
Pikel burns you.
* * * LOW HITPOINT WARNING * * *
Really read
e - a scroll of teleportation {!r}?
As you read the scroll of teleportation {!r}, it crumbles to dust.
You feel strangely unstable. Pikel hits you with a whip of flaming.
* * * LOW HITPOINT WARNING * * *
Pikel burns you.
* * * LOW HITPOINT WARNING * * *
Pikel zaps a wand.
You are blasted!
You die...

#(# #.# #.# #(# #.## #.#
#(########..######.#####
#(pK.......#....)[..)...
#######.....############
#p##.## # #K##.# #
#.##.# ######## #@##.#
#....... #.##.# #.######
#....# #.....). ####.#
#.###### #.# .. ...#
###.# # # #


You could see Pikel and a slave.

Vanquished Creatures
  Grinder (D:4)
  Sigmund (D:4)
  2 slaves (D:4)
  A howler monkey (D:4)
  Natasha (D:4)
  Robin (D:4)
  4 adders
  A shadow imp (D:3)
  2 worms
  A dart slug (D:2)
  A leopard gecko (D:3)
  3 ball pythons
  A giant cockroach (D:1)
  10 goblins
  5 hobgoblins
  3 jackals (D:2)
  3 kobolds
  4 bats
  A frilled lizard (D:1)
  A jackal skeleton (D:3)
  3 rats
50 creatures vanquished.

Notes
Turn   | Place    | Note
-------+----------+-------------------------------------------
     0 | D:1      | Amnesiac the Mummy Earth Elementalist began the quest for the Orb.
     0 | D:1      | Reached XP level 1. HP: 13/13 MP: 4/4
   418 | D:1      | Reached XP level 2. HP: 3/19 MP: 0/5
   774 | D:2      | Reached XP level 3. HP: 24/24 MP: 7/7
  1043 | D:3      | Found a basalt altar of Yredelemnul.
  1260 | D:4      | Reached XP level 4. HP: 2/30 MP: 6/9
  1491 | D:4      | Learned a level 2 spell: Passwall
  1496 | D:4      | Learned a level 4 spell: Petrify
  1616 | D:4      | Noticed Sigmund
  1642 | D:4      | Killed Sigmund
  1642 | D:4      | Reached XP level 5. HP: 35/35 MP: 9/12
  1672 | D:4      | Noticed Natasha
  1676 | D:4      | Killed Natasha
  1676 | D:4      | Reached XP level 6. HP: 41/41 MP: 10/13
  1683 | D:4      | Learned a level 5 spell: Lee's Rapid Deconstruction
  1767 | D:4      | Noticed Grinder
  1776 | D:4      | Killed Grinder
  1776 | D:4      | Reached skill level 5 in Spellcasting
  1776 | D:4      | Reached skill level 5 in Earth Magic
  1795 | D:4      | Noticed a slave
  1797 | D:4      | Noticed Pikel
  1797 | D:4      | Noticed a slave
  1816 | D:4      | Killed a slave
  2014 | D:4      | Noticed a slave
  2034 | D:4      | Noticed Robin
  2056 | D:4      | Killed a slave
  2063 | D:4      | Killed Robin
  2063 | D:4      | Reached XP level 7. HP: 10/46 MP: 11/15
  2345 | D:4      | Blown up by Pikel

Vault maps used:
D:1:      dpeg_arrival_rhombus, nrook_mini_backslash
D:2:      old_standard_altar, lemuel_crystal_altar,
          lemuel_coloured_pillars_altar, zin_treasury, first_ration
D:3:      yredelemnul_altar_generic, lightli_corner_chamber, uniq_terence
D:4:      uniq_grinder, uniq_menkaure, uniq_robin, uniq_pikel, uniq_sigmund,
          uniq_natasha

Skill      XL: |  1  2  3  4  5  6 |
---------------+-------------------+-----
Spellcasting   | 3 4 5 |  5.6
Earth Magic    | 3 4 5 |  5.6
Dodging        | |  1.5
Stealth        | |  1.5
Transmutations | |  0.7

Action                   |  1- 3 |  4- 6 |  7- 9 || total
-------------------------+-------+-------+-------++-------
Melee: Unarmed           |    34 |       |       ||    34
       Dagger            |    15 |       |       ||    15
 Fire: Hunting sling     |    68 |    40 |     9 ||   117
 Cast: Sandblast         |    11 |    36 |     7 ||    54
  Use: Scroll            |       |       |     4 ||     4
 Stab: Sleeping          |     3 |       |       ||     3
Armor: Robe              |    14 |     1 |       ||    15
Dodge: Dodged            |    43 |    21 |       ||    64

Table legend:
 A = Spawn XP
 B = Non-spawn XP
 C = Spawn XP percentage of total XP
 D = Spawn monster count
 E = Non-spawn monster count
 F = Spawn count percentage of total count
 G = Total turns spent on level
                    A         B        C        D         E        F      G
               +---------+---------+-------+---------+---------+-------+---------
         Total |       0 |     745 |   0.0 |       0 |      48 |   0.0 |  2345
               +---------+---------+-------+---------+---------+-------+---------
           D:1 |       0 |      13 |   0.0 |       0 |       8 |   0.0 |   633
           D:2 |       0 |      43 |   0.0 |       0 |       8 |   0.0 |   362
           D:3 |       0 |      34 |   0.0 |       0 |      13 |   0.0 |   241
           D:4 |       0 |     655 |   0.0 |       0 |      19 |   0.0 |  1109
               +---------+---------+-------+---------+---------+-------+---------
